 Dungeon Crawl Stone Soup version 0.29.1-15-g9cfb28693d (webtiles) character file.

Game seed: 6300645278119208290

7637 adelang the Destroyer (level 11, 0/81 HPs)
             Began as a Gargoyle Earth Elementalist on Mar 29, 2023.
             Was an Elder of Vehumet.
             Slain by an unseen horror (2 damage)
             ... on level 11 of the Dungeon.
             The game lasted 02:06:40 (14195 turns).

adelang the Destroyer (GrEE)                       Turns: 14195, Time: 02:06:43

Health: 0/81       AC: 25    Str: 12    XL:     11   Next: 18%
Magic:  13/17      EV:  2    Int: 20    God:    Vehumet [****..]
Gold:   410        SH:  0    Dex: 10    Spells: 5/19 levels left

rFire   + . .      SeeInvis .   F - +7 falchion of the Median {vorpal, Stlth+}
rCold   x . .      Faith    .   (no shield)
rNeg    + . .      Spirit   .   (body armour currently unavailable)
rPois   ∞          Reflect  .   (helmet currently unavailable)
rElec   .          Harm     .   (cloak currently unavailable)
rCorr   .          Rampage  .   (gloves currently unavailable)
Will    ++...      NoTele   +   (boots currently unavailable)
Stlth   +++.......              c - amulet of regeneration
HPRegen 1.03/turn               E - ring of fire
MPRegen 0.15/turn               X - ring of willpower

@: tree-form, slowed, very slow
A: stationary, stasis, torment immunity, boosted hp, sickness immunity, AC +8,
negative energy resistance 1, (electricity resistance), torment resistance 1,
petrification resistance, (cold resistance 1), strong-willed 1
a: Renounce Religion


You were on level 11 of the Dungeon.
You worshipped Vehumet.
Vehumet was greatly pleased with you.
You were a tree.
You visited 2 branches of the dungeon, and saw 12 of its levels.
You also visited: Sewer and Bailey.

You collected 572 gold pieces.
You spent 162 gold pieces at shops.

Inventory:

Hand Weapons
 y - a +8 club
 C - a +2 vampiric trident
 D - a +1 flail of protection
 F - the +7 falchion of the Median (weapon) {vorpal, Stlth+}
   (You found it on level 5 of the Dungeon)

   It inflicts extra damage upon your enemies.
   Stlth:     It makes you more stealthy.
 V - a +1 dagger of venom
Missiles
 o - 3 throwing nets
 z - 6 javelins
Armour
 m - a +0 leather armour
 v - a scarf of invisibility (melded)
 w - a +0 helmet (melded)
 T - a +1 robe of the Archmagi (melded)
 U - a +2 robe of willpower
Magical Staves
 B - a staff of conjuration
Jewellery
 a - a ring of protection from cold
 c - an amulet of regeneration (around neck)
 s - an amulet of regeneration
 E - a ring of fire (left branch)
 R - the amulet of Waex {Faith rF+++ rCorr Str-5 Dex-4}
   (You found it on level 6 of the Dungeon)

   [amulet of faith]

   It allows you to gain divine favour quickly.
   Str:       It affects your strength (-5).
   Dex:       It affects your dexterity (-4).
   rF:        It renders you almost immune to fire.
   rCorr:     It protects you from acid and corrosion.
 X - a ring of willpower (right branch)
 Z - a ring of protection from cold
Wands
 H - a wand of quicksilver (5)
 J - a wand of mindburst (23)
 Y - a wand of digging (1)
Scrolls
 g - a scroll of identify
 i - a scroll of summoning {unknown}
 j - a scroll of fog {unknown}
 l - a scroll of poison {unknown}
 n - 3 scrolls of teleportation
 p - 2 scrolls of fear {unknown}
 q - 3 scrolls of enchant weapon {unknown}
 t - 4 scrolls of blinking
 u - a scroll of magic mapping {unknown}
 x - a scroll of amnesia {unknown}
 G - 2 scrolls of brand weapon {unknown}
 K - a scroll of silence {unknown}
 L - 3 scrolls of noise
 N - a scroll of acquirement {unknown}
Potions
 b - a potion of flight {unknown}
 d - 3 potions of degeneration
 e - 5 potions of haste
 r - 5 potions of might
 A - a potion of attraction {unknown}
 I - 3 potions of mutation
 M - 2 potions of invisibility
 P - 3 potions of resistance
 Q - 2 potions of cancellation
 S - a potion of experience


   Skills:
 - Level 1.5 Dodging
 - Level 2.1 Stealth
 - Level 4.5 Spellcasting
 - Level 13.5 Conjurations
 - Level 6.5 Translocations
 - Level 3.6 Transmutations
 - Level 7.9 Earth Magic
 + Level 1.0 Evocations


You had 5 spell levels left.
You knew the following spells:

 Your Spells              Type           Power      Damage    Failure   Level
a - Sandblast             Erth           72%        2d16      1%          1
b - Passwall              Tmut/Erth      22%        N/A       1%          2
c - Stone Arrow           Conj/Erth      94%        3d12      1%          3
d - Petrify               Tmut/Erth      27%        N/A       11%         4
e - Blink                 Tloc           60%        N/A       1%          2
f - Searing Ray           Conj           100%       2d8       1%          2

Your spell library contained the following spells:

 Spells                   Type           Power      Damage    Failure   Level
 Fulminant Prism          Conj/Hex       15%        3d11      2%          4
 Beastly Appendage        Tmut           38%        N/A       2%          1
 Lesser Beckoning         Tloc           30%        N/A       2%          3
 Wereblood                Tmut           19%        N/A       4%          2
 Portal Projectile        Hex/Tloc       34%        N/A       10%         3
 Summon Small Mammal      Summ           16%        N/A       12%         1
 Spider Form              Tmut/Pois      11%        N/A       17%         3
 Manifold Assault         Tloc           30%        N/A       22%         5
 Leda's Liquefaction      Hex/Erth       10%        N/A       24%         4
 Olgreb's Toxic Radiance  Pois           4%         N/A       30%         4
 Call Canine Familiar     Summ           4%         N/A       36%         3
 Summon Guardian Golem    Hex/Summ       4%         N/A       36%         3
 Ozocubu's Refrigeration  Ice            2%         4d7       100%        7
 Ignition                 Fire           3%         3d4       100%        8


Dungeon Overview and Level Annotations

Branches:
Dungeon (11/15)            Temple (1/1) D:4           Sewer (visited)
 Bailey (visited)
   Lair: D:8-11         Orc: D:9-12

Altars:
Ashenzari
Cheibriados
Dithmenos
Elyvilon
Fedhas
Gozag
Hepliaklqana
Kikubaaqudgha
Makhleb
Nemelex Xobeh
Okawaru
Qazlal
Ru
Sif Muna
Trog
Uskayaw
Vehumet
Wu Jian
Xom
Yredelemnul
Zin
The Shining One

Shops:
D:1 (   D:2 (   D:3 *   D:7 !   D:8 !


Innate Abilities, Weirdness & Mutations

You are a tree.
Your roots penetrate the ground, keeping you stationary.
You cannot be teleported.
You are immune to unholy pain and torment.
Your maximum health is greatly increased.
Your equipment is partially melded.
You are immune to sickness and miasma.
((Your stone body is resilient. (AC +8)))
You are immune to poison.
You resist negative energy. (rN+)
((You are resistant to electric shocks. (rElec)))
You are resistant to unholy torment.
You are immune to petrification.
((Your flesh is cold resistant. (rC+)))
You are strong-willed. (Will+)


Message History

Something hits you!
* * * LOW HITPOINT WARNING * * *
The wraith hits you!
* * * LOW HITPOINT WARNING * * *
The wraith drains your vigour!
You feel yourself slow down.
The searing ray hits the wraith.
The wraith is moderately damaged.
Something hits you but does no damage. The wraith hits you but does no damage.
Something hits you but does no damage.
The searing ray hits the wraith but does no damage.
The wraith is moderately damaged.
You finish channelling your searing ray.
Something hits you but does no damage. The wraith hits you!
* * * LOW HITPOINT WARNING * * *
The wraith drains your vigour!
You feel as though you will be slow longer.
The wraith hits you but does no damage. Something hits you.
* * * LOW HITPOINT WARNING * * *
Something hits you but does no damage.
A vampire mosquito comes into view.
Something hits you but does no damage. The wraith hits you but does no damage.
You feel better. Something hits you.
* * * LOW HITPOINT WARNING * * *
The wraith hits you but does no damage. x2
Okay, then.
As you read the scroll of identify, it crumbles to dust.
Q - 2 potions of cancellation Something hits you but does no damage.
A vampire mosquito comes into view.
The wraith hits you but does no damage.
Okay, then.
Really read the scroll of immolation?
As you read the scroll of immolation, it crumbles to dust.
The creatures around you are filled with an inner flame!
Something completely misses you. Something hits you.
* * * LOW HITPOINT WARNING * * *
A vampire mosquito comes into view.
Something hits you.
You die...

###### ##....
###...# ##
######+#....##?)##
).........8.°).).+
..........y♣##
........##..W####..
.........##.y.y....
.........##'#######
.........##........
........##...####..
........#.8.##
..(.....#...+
#######+#.8.#


You could see a wraith (inner flame) and 3 vampire mosquitoes.

Vanquished Creatures
  Erica (D:8)
  Maurice (D:8)
  A kobold demonologist (D:9)
  A hornet (D:8)
  Sigmund (D:4)
  6 yaks (D:8)
  A wyvern (D:8)
  A wraith (D:9)
  Eustachio (D:6)
  Grum (D:8)
  3 steam dragons
  Edmund (D:4)
  A water moccasin (D:8)
  7 orc warriors
  3 ice beasts
  2 black bears
  2 sky beasts
  2 ogres
  4 wolves (D:8)
  3 centaurs
  4 kobold brigands
  5 bullfrogs (D:8)
  Blork the orc (D:4)
  A necrophage (D:7)
  A scorpion (D:6)
  7 killer bees
  2 howler monkeys
  2 hounds (D:6)
  3 quasits (D:5)
  3 gnoll boudas
  3 orc priests
  An iguana (D:5)
  Jessica (D:3)
  3 orc wizards
  19 gnolls
  8 adders
  A river rat (D:6)
  2 shadow imps
  A white imp (D:5)
  5 ufetubi
  4 worms
  3 dart slugs
  41 orcs
  5 endoplasms
  4 giant cockroaches
  7 goblins
  3 hobgoblins
  9 jackals
  2 quokkas
  11 ball pythons
  10 bats
  A frilled lizard (D:3)
  24 kobolds
  9 rats
249 creatures vanquished.

Vanquished Creatures (others)
  5 plants (Sewer)
  4 toadstools (D:1)
9 creatures vanquished.

Grand Total: 258 creatures vanquished

Notes
Turn   | Place    | Note
-------+----------+-------------------------------------------
     0 | D:1      | adelang the Gargoyle Earth Elementalist began the quest for
                  | the Orb.
     0 | D:1      | Reached XP level 1. HP: 10/10 MP: 3/3
    41 | D:1      | Found Haliuc's Weapon Shoppe.
   112 | D:1      | Reached skill level 1 in Transmutations
   120 | D:1      | Reached XP level 2. HP: 12/15 MP: 0/5
  1095 | D:2      | Found Zazxig's Weapon Shoppe.
  1157 | D:2      | Reached XP level 3. HP: 19/19 MP: 4/6
  1846 | D:3      | Found Geit's General Store.
  1856 | D:3      | Bought a potion of lignification for 42 gold pieces
  1892 | D:3      | Reached XP level 4. HP: 24/24 MP: 5/7
  2111 | D:2      | Reached skill level 5 in Earth Magic
  2385 | D:3      | Reached XP level 5. HP: 28/28 MP: 6/9
  2729 | D:3      | Noticed Jessica
  2731 | D:3      | Killed Jessica
  3107 | D:3      | Reached XP level 6. HP: 32/32 MP: 6/10
  3652 | D:4      | Noticed Sigmund
  3696 | D:4      | Killed Sigmund
  3917 | D:4      | Reached XP level 7. HP: 36/36 MP: 10/12
  3920 | D:4      | Learned a level 2 spell: Passwall
  3924 | D:4      | Learned a level 3 spell: Stone Arrow
  3929 | D:4      | Learned a level 4 spell: Petrify
  3993 | D:4      | Reached skill level 1 in Conjurations
  4127 | D:4      | Learned a level 2 spell: Blink
  4138 | D:4      | Noticed Edmund
  4159 | D:4      | Killed Edmund
  4248 | D:4      | Found a staircase to the Ecumenical Temple.
  4268 | Temple   | Entered the Ecumenical Temple
  4403 | Temple   | Became a worshipper of Vehumet
  4532 | D:4      | Noticed Blork the orc
  4535 | D:4      | Killed Blork the orc
  4879 | D:5      | Entered Level 5 of the Dungeon
  4913 | D:5      | Identified the +7 falchion of the Median {vorpal, Stlth+}
  5713 | D:5      | Reached XP level 8. HP: 40/41 MP: 1/13
  6502 | D:5      | Reached skill level 5 in Translocations
  6935 | D:6      | Found a glowing drain.
  6974 | Sewer    | Entered a sewer
  7153 | Sewer    | Reached * piety under Vehumet
  7153 | Sewer    | Offered knowledge of Magic Dart by Vehumet.
  7379 | Sewer    | Gained mutation: Your flesh is cold resistant. (rC+)
                  | [potion of mutation]
  7379 | Sewer    | Gained mutation: You occasionally lose the ability to drink
                  | potions when taking damage. [potion of mutation]
  7379 | Sewer    | Gained mutation: You are partially covered in iridescent
                  | scales. (AC +2) [potion of mutation]
  7380 | Sewer    | Lost mutation: Your flesh is cold resistant. (rC+) [potion
                  | of mutation]
  7380 | Sewer    | Lost mutation: You are partially covered in iridescent
                  | scales. (AC +2) [potion of mutation]
  7381 | Sewer    | Lost mutation: You occasionally lose the ability to drink
                  | potions when taking damage. [potion of mutation]
  7381 | Sewer    | Gained mutation: Your flesh is cold resistant. (rC+)
                  | [potion of mutation]
  7381 | Sewer    | Gained mutation: You are strong-willed. (Will+) [potion of
                  | mutation]
  7824 | D:6      | Identified the amulet of Waex {Faith rF+++ rCorr Str-5
                  | Dex-4}
  7852 | D:6      | Reached skill level 2 in Conjurations
  7864 | D:6      | Reached skill level 3 in Conjurations
  7945 | D:6      | Reached skill level 4 in Conjurations
  8093 | D:6      | Offered knowledge of Searing Ray by Vehumet.
  8096 | D:6      | Reached ** piety under Vehumet
  8168 | D:6      | Reached skill level 5 in Conjurations
  8168 | D:6      | Reached XP level 9. HP: 45/45 MP: 12/14
  8199 | D:6      | Noticed Eustachio
  8206 | D:6      | Killed Eustachio
  8207 | D:6      | Reached skill level 6 in Conjurations
  8509 | D:7      | Found a flagged portal.
  8579 | Bailey   | Entered a bailey
  8588 | Bailey   | Reached skill level 7 in Conjurations
  8716 | Bailey   | Learned a level 2 spell: Searing Ray
  8774 | Bailey   | Offered knowledge of Scorch by Vehumet.
  8775 | Bailey   | HP: 1/45 [orc warrior/+0 halberd (12)]
  8908 | Bailey   | Noticed an orc knight
  8949 | Bailey   | Reached skill level 8 in Conjurations
  9341 | D:7      | Found Teibof's Distillery.
  9646 | D:7      | Reached *** piety under Vehumet
  9700 | D:7      | Reached skill level 9 in Conjurations
 10121 | D:8      | Noticed a hornet
 10122 | D:8      | Found Ratzoixt's Distillery.
 10138 | D:8      | Killed a hornet
 10139 | D:8      | Reached skill level 10 in Conjurations
 10187 | D:8      | Bought a potion of lignification for 45 gold pieces
 10187 | D:8      | Bought a potion of heal wounds for 75 gold pieces
 10406 | D:8      | Reached XP level 10. HP: 47/50 MP: 9/15
 10463 | D:8      | Found a stormy altar of Qazlal.
 10495 | D:8      | Reached skill level 11 in Conjurations
 10508 | D:8      | Offered knowledge of Fulminant Prism by Vehumet.
 10608 | D:8      | Found an opulent altar of Gozag.
 10658 | D:8      | Noticed Grum
 10680 | D:8      | Reached skill level 12 in Conjurations
 10753 | D:8      | Killed Grum
 10923 | D:8      | Found a shimmering blue altar of Sif Muna.
 11049 | D:8      | Noticed Erica
 11198 | D:9      | Noticed a two-headed ogre
 11376 | D:9      | Noticed Maurice
 11600 | D:8      | Killed Erica
 11601 | D:8      | Reached skill level 13 in Conjurations
 11606 | D:8      | Killed Maurice
 12362 | D:9      | Reached XP level 11. HP: 54/54 MP: 8/17
 12613 | D:9      | Reached **** piety under Vehumet
 12966 | D:10     | Entered Level 10 of the Dungeon
 12966 | D:10     | Noticed a two-headed ogre
 13450 | D:10     | Noticed a two-headed ogre
 13608 | D:9      | Noticed a sun demon
 14181 | D:11     | Reached skill level 1 in Evocations
 14191 | D:11     | HP: 2/81 [wraith (7)]
 14195 | D:11     | Slain by an unseen horror

Illustrated notes

Levels and vault maps discovered:
D:1:      ldierk_water_garden, layout_loops_cross, serial_shops, shop,
          minmay_unequal
D:2:      layout_basic, serial_shops, nicolae_shop_bloodbath_and_beyond
D:3:      layout_loops_cross, serial_shops, nicolae_shop_hallway_stairs,
          uniq_jessica
D:4:      layout_loops_ring, minmay_temple_entry_drinking_statues, uniq_sigmund,
          uniq_edmund, uniq_blork_the_orc
D:5:      cheibrodos_quashed, layout_basic
D:6:      layout_basic, cheibrodos_sewer_entry_sluice, uniq_eustachio
D:7:      layout_rooms, enter_bailey_2, serial_shops, nicolae_shop_stone
D:8:      kennysheep_spiral_hall, layout_basic, lemuel_tele_altar,
          mainiacjoe_overflow_large_starburst, serial_shops,
          nicolae_diamond_shop, hangedman_decor_points, uniq_erica, uniq_grum
D:9:      layout_loops_ring, uniq_maurice
D:10:     layout_small_grid
D:11:     layout_roguey, david_lair_generic, david_orc_1_choice
Temple:   nicolae_temple_bog_church

Skill      XL: |  1  2  3  4  5  6  7  8  9 10 11 |
---------------+----------------------------------+-----
Transmutations | 1 2 3 |  3.6
Earth Magic    | 4 5 6 7 |  7.9
Spellcasting   | 3 4 |  4.5
Conjurations   | 1 5 10 13 | 13.5
Translocations | 4 6 |  6.5
Evocations     | 1 |  1.0
Dodging        | |  1.5
Stealth        | |  2.1

Action                   |  1- 3 |  4- 6 |  7- 9 | 10-12 || total
-------------------------+-------+-------+-------+-------++-------
Melee: Unarmed           |     4 |       |       |       ||     4
       Short sword       |       |     1 |       |       ||     1
       Club              |       |     3 |     3 |       ||     6
       Falchion          |       |       |    27 |    31 ||    58
       Punch             |       |       |     1 |       ||     1
 Cast: Sandblast         |    48 |    68 |   209 |    13 ||   338
       Stone Arrow       |       |       |    10 |       ||    10
       Passwall          |       |       |     4 |     7 ||    11
       Searing Ray       |       |       |    16 |    60 ||    76
       Blink             |       |       |     4 |     5 ||     9
       Petrify           |       |       |     2 |     6 ||     8
  Use: Potion            |       |       |    14 |     7 ||    21
       Scroll            |       |       |     7 |     8 ||    15
Armor: Robe              |     4 |       |    12 |    48 ||    64
       Leather armour    |     5 |    12 |   123 |       ||   140
       Skin              |       |       |    17 |    32 ||    49
Dodge: Dodged            |    12 |    19 |   188 |    74 ||   293
